 Dungeon Crawl Stone Soup version 0.30-a0-972-gf3ab3527aa (webtiles) character file.

Game seed: 7907638628736210499

233656 vishdafish the Earth Mage (level 18, -6/121 HPs)
             Began as a Demonspawn Conjurer on Mar 31, 2023.
             Was the Champion of Vehumet.
             Mangled by a vault warden
             ... wielding a +3 bardiche of distortion
              (32 damage)
             ... on level 2 of the Vaults.
             The game lasted 01:16:41 (32057 turns).

vishdafish the Earth Mage (Demonspawn Conjurer)    Turns: 32057, Time: 01:16:48

Health: -6/121     AC: 18    Str: 15    XL:     18   Next: 85%
Magic:  0/39       EV: 14    Int: 32    God:    Vehumet [******]
Gold:   1353       SH:  0    Dex: 17    Spells: 9/51 levels left

rFire   . . .      SeeInvis +    y - staff of conjuration
rCold   + + .      Faith    .    (no shield)
rNeg    + . .      Spirit   +    r - +5 leather armour "Aqaevefo" {-Tele rElec Int+3}
rPois   .          Reflect  .    w - +2 hat {SInv}
rElec   +          Rampage  .    U - +1 cloak of Lezxaote {rElec Regen+}
rCorr   .          NoTele   +    I - +1 pair of gloves
Will    +....                    (boots unavailable)
Stlth   ++                       b - amulet of regeneration
HPRegen 2.00/turn                a - ring of the King {rC+ rN+ Str+6 Int+2}
MPRegen 0.52/turn                K - +6 ring of dexterity

@: studying Fire Magic
A: hooves 3, icy blue scales 3, foul stench 1, augmentation 1, magic shield,
magic regeneration, magic link
}: 1/15 runes: serpentine
a: Renounce Religion


You were on level 2 of the Vaults.
You worshipped Vehumet.
Vehumet was exalted by your worship.
You visited 6 branches of the dungeon, and saw 29 of its levels.
You also visited: Bailey, Gauntlet, Ice Cave and Volcano.

You collected 3076 gold pieces.
You spent 1723 gold pieces at shops.

Inventory:

Hand Weapons
 i - a +0 double sword
 T - a +1 executioner's axe of freezing
Missiles
 A - 4 throwing nets
 Z - 2 curare-tipped darts
Armour
 r - the +5 leather armour "Aqaevefo" (worn) {-Tele rElec Int+3}
   (You found it on level 3 of the Dungeon)

   Int:       It affects your intelligence (+3).
   rElec:     It insulates you from electricity.
   -Tele:     It prevents most forms of teleportation.
 w - a +2 hat of see invisible (worn)
 I - a +1 pair of gloves (worn)
 U - the +1 cloak of Lezxaote (worn) {rElec Regen+}
   (You found it in a Gauntlet)

   rElec:     It insulates you from electricity.
   Regen:     It increases your rate of health regeneration.
Magical Staves
 y - a staff of conjuration (weapon)
Jewellery
 a - the ring of the King (left hand) {rC+ rN+ Str+6 Int+2}
   (You bought it in a shop on level 2 of the Orcish Mines)

   [ring of strength]

   Str:       It affects your strength (+6).
   Int:       It affects your intelligence (+2).
   rC:        It protects you from cold.
   rN:        It protects you from negative energy.
 b - an amulet of regeneration (around neck)
 G - a ring of wizardry
 K - a +6 ring of dexterity (right hand)
 O - a ring of positive energy
 V - an amulet of the acrobat
Wands
 h - a wand of mindburst (9)
 s - a wand of paralysis (10)
 N - a wand of flame (38)
 Q - a wand of digging (8)
 S - a wand of iceblast (8)
 W - a wand of polymorph (11)
Scrolls
 l - 5 scrolls of blinking
 n - 8 scrolls of immolation
 o - 8 scrolls of noise
 p - 15 scrolls of teleportation
 q - 11 scrolls of enchant armour
 t - 3 scrolls of magic mapping
 u - 10 scrolls of enchant weapon
 x - 6 scrolls of poison
 C - 4 scrolls of amnesia
 D - a scroll of summoning
 E - a scroll of torment
 L - 4 scrolls of vulnerability
 P - 3 scrolls of fear
 R - 2 scrolls of fog
 X - 7 scrolls of identify
Potions
 c - 2 potions of heal wounds
 d - 11 potions of lignification
 e - 4 potions of mutation
 f - 10 potions of flight
 j - 5 potions of haste
 k - 5 potions of attraction
 m - 7 potions of might
 v - 6 potions of ambrosia
 z - 5 potions of berserk rage
 B - 2 potions of resistance
 F - 8 potions of brilliance
 H - 3 potions of invisibility
 M - 13 potions of curing
 Y - a potion of magic
Miscellaneous
 g - a tin of tremorstones (2/2)
 J - a phantom mirror


   Skills:
 - Level 5.0 Fighting
 - Level 4.2 Armour
 - Level 5.0 Dodging
 - Level 1.7 Stealth
 - Level 17.1 Spellcasting
 - Level 18.1 Conjurations
 - Level 4.0 Hexes
 - Level 6.8 Translocations
 + Level 19.3 Earth Magic


You had 9 spell levels left.
You knew the following spells:

 Your Spells              Type           Power      Damage    Failure   Level
a - Magic Dart            Conj           100%       1d8       0%          1
b - Stone Arrow           Conj/Erth      100%       3d13      0%          3
c - Fulminant Prism       Conj/Hex       49%        3d21      1%          4
d - Iskenderun's Mystic   Conj/Tloc      100%       2d19      1%          4
e - Spellforged Servitor  Conj/Summ      45%        N/A       11%         7
f - Lehudib's Crystal Sp  Conj/Erth      60%        10d14     1%          8
g - Iron Shot             Conj/Erth      60%        9d11      1%          6
h - Shatter               Erth           50%        3d38*     17%         9

Your spell library contained the following spells:

 Spells                   Type           Power      Damage    Failure   Level
 Chain Lightning          Conj/Air       45%        3d60      100%        9
 Polar Vortex             Ice            13%        N/A       100%        9
 Momentum Strike          Conj/Tloc      100%       3d10      0%          2
 Searing Ray              Conj           100%       2d8       0%          2
 Apportation              Tloc           100%       N/A       1%          1
 Freeze                   Ice            100%       1d10      1%          1
 Kiss of Death            Conj/Necr      100%       2d13      1%          1
 Summon Small Mammal      Summ           100%       N/A       1%          1
 Scorch                   Fire           54%        2d7       1%          2
 Static Discharge         Conj/Air       100%       2-7/arc   1%          2
 Dazzling Flash           Conj/Hex       100%       N/A       1%          3
 Frozen Ramparts          Ice            54%        1d9       1%          3
 Gell's Gravitas          Tloc           64%        N/A       1%          3
 Hailstorm                Conj/Ice       91%        3d18      1%          3
 Inner Flame              Hex/Fire       40%        N/A       1%          3
 Mephitic Cloud           Conj/Pois/Air  78%        N/A       1%          3
 Portal Projectile        Hex/Tloc       100%       N/A       1%          3
 Teleport Other           Tloc           64%        N/A       1%          3
 Tukima's Dance           Hex            52%        N/A       1%          3
 Vhi's Electric Charge    Tloc/Air       98%        N/A       1%          3
 Flame Wave               Conj/Fire      91%        2d19      1%          4
 Petrify                  Tmut/Erth      73%        N/A       1%          4
 Sticky Flame             Conj/Fire      91%        2d10      1%          4
 Arcjolt                  Conj/Air       45%        1d55      1%          5
 Borgnjor's Vile Clutch   Necr/Erth      36%        N/A       1%          5
 Irradiate                Conj/Tmut      45%        3d26      1%          5
 Call Imp                 Summ           27%        N/A       2%          2
 Sublimation of Blood     Necr           27%        N/A       2%          2
 Summon Guardian Golem    Hex/Summ       40%        N/A       2%          3
 Call Canine Familiar     Summ           27%        N/A       5%          3
 Ozocubu's Armour         Ice            27%        N/A       5%          3
 Vampiric Draining        Necr           27%        2d7       5%          3
 Airstrike                Air            13%        2d(2-18)  5%          4
 Plasma Beam              Fire/Air       13%        2x1d18    13%         5
 Dispersal                Tloc           32%        N/A       16%         6
 Animate Dead             Necr           27%        N/A       19%         4
 Ice Form                 Ice/Tmut       27%        N/A       19%         4
 Summon Lightning Spire   Summ/Air       27%        N/A       19%         4
 Alistair's Intoxication  Tmut/Pois      18%        N/A       45%         5
 Blade Hands              Tmut           13%        N/A       45%         5
 Death Channel            Necr           13%        N/A       95%         6
 Summon Cactus Giant      Summ           13%        N/A       95%         6
 Enfeeble                 Hex            26%        N/A       96%         7
 Ozocubu's Refrigeration  Ice            13%        4d10      97%         7
 Dragon Form              Tmut           13%        N/A       100%        7
 Borgnjor's Revivificati  Necr           13%        N/A       100%        8
 Maxwell's Capacitive Co  Air            13%        ∞         100%        8
 Necromutation            Tmut/Necr      13%        N/A       100%        8
 Death's Door             Necr           13%        N/A       100%        9


Dungeon Overview and Level Annotations

Branches:
Dungeon (15/15)            Temple (1/1) D:5            Lair (5/5) D:9
  Swamp (0/4) Lair:3        Snake (4/4) Lair:2        Slime (0/5) Lair:4
    Orc (2/2) D:10            Elf (0/3) Orc:2        Vaults (2/5) D:14
 Depths (0/4) D:15         Bailey (visited)           IceCv (visited)
Volcano (visited)         Gauntlet (visited)
  Crypt: Vaults:2-3

Altars:
Ashenzari
Cheibriados
Dithmenos
Fedhas
Gozag
Hepliaklqana
Kikubaaqudgha
Makhleb
Okawaru
Qazlal
Ru
Sif Muna
Trog
Uskayaw
Vehumet
Wu Jian
Xom
Yredelemnul
Jiyva
Lugonu

Shops:
D:5 (   D:6 *   Orc:2 ?:**   Snake:1 ?   Snake:3 (:=   Vaults:1 !!   Vaults:2 *

Portals:
Abyss: Lair:5
Trove: D:12 (give 8 scrolls of fear)

Annotations:
D:4 Duvessa
D:15 3 runed translucent doors


Innate Abilities, Weirdness & Mutations

You have hooves in place of feet.
You are completely covered in icy blue scales. (AC +4, rC+)
You may rarely emit foul miasma when damaged in melee.
Your magical and physical power is slightly enhanced at high health.
When hurt, damage is shared between your health and your magic reserves.
You regenerate magic rapidly.
When low on magic, you restore magic in place of health.


Message History

You don't have enough magic to cast this spell.
You don't have enough magic to cast this spell.
Casting: Lehudib's Crystal Spear (dangerous; 1% risk of failure)
Confirm with . or Enter, or press ? or * to list all spells.
You feel a surge of power!
You erupt in a blast of force!
The mystic blast hits the vault warden!
The vault warden is lightly wounded.
The vault warden is knocked back by the mystic blast.
The mystic blast hits the vault guard!
The vault guard is almost dead.
The vault guard is knocked back by the mystic blast.
Unknown command.
Casting: Iskenderun's Mystic Blast (safe; 1% risk of failure)
Confirm with . or Enter, or press ? or * to list all spells.
You feel a surge of power!
You erupt in a blast of force!
The mystic blast hits the vault guard!!
You kill the vault guard!
Vehumet accepts your kill.
You feel your power returning.
No target in view!
A vault warden is nearby!
You don't have enough magic to cast this spell.
You feel a surge of power!
The crystal spear hits the vault warden!!!
The vault warden is almost dead.
The vault warden hits you from afar with a +3 bardiche of distortion!
Space warps horribly around you!
You don't have enough magic to cast this spell.
The vault warden completely misses you.
You completely miss the vault warden. Your kick misses the vault warden.
The vault warden is almost dead.
The vault warden hits you with a +3 bardiche of distortion!!
Space warps horribly around you!
You closely miss the vault warden. You kick the vault warden.
The vault warden is almost dead.
The vault warden hits you with a +3 bardiche of distortion!!
Space warps horribly around you!!
* * * LOW HITPOINT WARNING * * *
The vault warden hits you with a +3 bardiche of distortion!!
You die...

..........)...# #..# #.
..............# #..# ##
..............# #..# #.
..............########## #.)#
#. #.............#....[....
#..# ##
#.............#..)...... #..#
#. #.............+.)#...#..
#..# #.
#.............#..p...... #..#
#. #.............#.@.......
#..# #.
#.............#...)..... #..#
#. #.............#..#...#..
#..# ##
#.............#......... #..#
..............#......... #..#
..............#############..#
..............# #......#..#
..............# #......#..#
.##########...# #......#..#


You could see a vault warden.

Vanquished Creatures
  Xtahua (Vaults:2)
  Jorgrun (D:12)
  Frances (D:12)
  2 sphinxes (Vaults:1)
  Gastronok (Lair:3)
  Kirke (Lair:3)
  3 nagarajas
  7 vault wardens
  6 ironbound preservers
  Aizul (Snake:3)
  An orc warlord (Orc:1)
  6 very ugly things
  5 ironbound thunderhulks (Vaults:2)
  5 dire elephants (Vaults:1)
  Azrael (D:12)
  A minotaur (Gauntlet)
  A blizzard demon (Gauntlet)
  A crystal guardian (Vaults:2)
  Josephine (Orc:2)
  A quicksilver dragon zombie (D:15)
  5 yaktaur captains
  4 hydras
  A great orb of eyes (Vaults:1)
  Harold (Orc:1)
  A rakshasa (D:14)
  13 ironbound frosthearts
  7 salamander tyrants
  16 vault guards
  2 ogre magi (Orc:2)
  7 centaur warriors
  Erica (D:8)
  A peacekeeper (Vaults:2)
  12 anacondas
  13 two-headed ogres
  6 boulder beetles
  3 death yaks
  A hell hog (Volcano)
  14 naga warriors
  4 shock serpents
  A sun demon (D:14)
  4 naga sharpshooters
  3 thrashing horrors (Lair:5)
  Sonja (Orc:1)
  A fire crab (Volcano)
  A deep troll (shapeshifter) (Lair:5)
  6 skeletal warriors
  4 salamander mystics
  18 deep trolls
  A spark wasp zombie (D:15)
  A phantasmal warrior (D:15)
  11 lindwurms
  4 naga ritualists
  8 ironbound convokers
  A necromancer (D:15)
  A sphinx zombie (D:15)
  4 deep elf pyromancers (D:14)
  14 ugly things
  2 oklob plants (Lair:1)
  3 orc sorcerers
  7 mana vipers
  18 salamanders
  8 cyclopes
  4 manticores
  7 guardian serpents
  A guardian serpent (shapeshifter) (D:13)
  Maurice (D:13)
  15 elephants
  2 ice statues
  Joseph (Lair:1)
  9 naga magi
  5 vault sentinels
  34 black mambas
  13 cane toads
  A fire giant skeleton (D:15)
  2 smoke demons (Lair:5)
  4 torpor snails
  A molten gargoyle (Volcano)
  5 rime drakes
  2 unseen horrors (D:10)
  2 kobold demonologists (D:12)
  11 komodo dragons
  10 yaktaurs
  3 ancient zymes (Lair:5)
  An ice devil (Gauntlet)
  2 efreet
  13 trolls
  11 polar bears (IceCv)
  A tyrant leech (Lair:3)
  A polar bear (shapeshifter) (Lair:5)
  Prince Ribbit (D:7)
  17 blink frogs
  A raiju (Gauntlet)
  15 dream sheep
  A tarantella (shapeshifter) (D:14)
  A spriggan (Lair:5)
  22 slime creatures
  6 wraiths
  2 shadows
  6 wyverns
  Sigmund (D:4)
  10 fire bats (Volcano)
  3 hogs (Lair:3)
  91 yaks
  2 large abominations (Lair:5)
  11 basilisks
  7 vampire mosquitoes
  5 fire elementals
  6 steam dragons
  2 chaos spawn (Lair:5)
  4 wargs
  Edmund (D:5)
  A death yak simulacrum (Lair:1)
  20 nagas
  18 water moccasins
  6 hell hounds
  25 orc warriors
  A sky beast (D:6)
  4 black bears
  An ice beast (D:8)
  25 ogres
  22 wolves
  5 centaurs
  A phantom (D:6)
  Blork the orc (D:4)
  11 bullfrogs
  A kobold brigand (D:12)
  A scorpion (D:4)
  A gnoll sergeant (D:11)
  13 small abominations (Lair:5)
  Dowan (D:4)
  3 killer bees (D:8)
  5 spriggan skeletons (D:10)
  A troll skeleton (D:10)
  An electric eel (Orc:1)
  5 lava snakes (Volcano)
  2 howler monkeys (D:12)
  3 hounds
  5 jellies
  8 orc priests
  3 gnoll boudas
  2 sleepcaps (D:8)
  3 iron imps (D:9)
  An iguana (D:5)
  20 orc wizards
  4 hell rats (Lair:2)
  2 polar bear simulacra (Lair:1)
  A wolf simulacrum (Lair:1)
  15 gnolls
  9 adders
  4 white imps
  An ufetubus (D:6)
  A worm (D:5)
  4 dart slugs
  54 orcs
  5 ball pythons
  6 endoplasms
  4 giant cockroaches
  7 goblins
  11 hobgoblins
  8 jackals
  23 kobolds
  2 quokkas
  4 bats
  3 frilled lizards
  26 rats
1072 creatures vanquished.

Vanquished Creatures (others)
  3 humans (Lair:3)
  An ufetubus (D:6)
  45 fulminant prisms
  48 fungi
  47 plants
  16 withered plants (Gauntlet)
160 creatures vanquished.

Grand Total: 1232 creatures vanquished

Notes
Turn   | Place    | Note
-------+----------+-------------------------------------------
     0 | D:1      | vishdafish the Demonspawn Conjurer began the quest for the
                  | Orb.
     0 | D:1      | Reached XP level 1. HP: 13/13 MP: 3/3
   385 | D:1      | Gained mutation: You regenerate magic rapidly. [demonic
                  | ancestry]
   385 | D:1      | Reached XP level 2. HP: 19/19 MP: 3/5
   981 | D:2      | Found an ornate altar of the Wu Jian Council.
   994 | D:2      | Gained mutation: You are partially covered in icy blue
                  | scales. (AC +2) [demonic ancestry]
   994 | D:2      | Reached XP level 3. HP: 13/24 MP: 2/7
  1651 | D:2      | Gained mutation: You have large cloven feet. [demonic
                  | ancestry]
  1651 | D:2      | Reached XP level 4. HP: 30/30 MP: 4/8
  1834 | D:3      | Got the Excursus on Conduction and Striking
  1839 | D:3      | Learned a level 3 spell: Stone Arrow
  1860 | D:3      | Reached skill level 5 in Conjurations
  2028 | D:3      | Identified the +5 leather armour "Aqaevefo" {-Tele rElec
                  | Int+3}
  2286 | D:3      | Found a faded altar of an unknown god.
  2436 | D:4      | Noticed Duvessa
  2436 | D:4      | Noticed Dowan
  2577 | D:4      | Noticed Sigmund
  2584 | D:4      | Noticed a scorpion
  2786 | D:5      | Entered Level 5 of the Dungeon
  2786 | D:5      | Found Waem's Antique Weapon Boutique.
  2796 | D:5      | Noticed an ogre
  2800 | D:5      | Killed an ogre
  2801 | D:5      | Reached skill level 1 in Earth Magic
  2801 | D:5      | Reached XP level 5. HP: 35/35 MP: 0/10
  2867 | D:5      | Reached skill level 2 in Earth Magic
  3038 | D:5      | Found a staircase to the Ecumenical Temple.
  3085 | Temple   | Entered the Ecumenical Temple
  3337 | Temple   | Became a worshipper of Vehumet
  3452 | D:5      | Noticed an ogre
  3456 | D:5      | Killed an ogre
  3457 | D:5      | Gained mutation: You are mostly covered in icy blue scales.
                  | (AC +3) [demonic ancestry]
  3457 | D:5      | Reached XP level 6. HP: 41/41 MP: 1/11
  3565 | D:5      | Reached skill level 3 in Earth Magic
  3640 | D:5      | Noticed Edmund
  3643 | D:5      | Killed Edmund
  3644 | D:5      | Gained mutation: When hurt, damage is shared between your
                  | health and your magic reserves. [demonic ancestry]
  3644 | D:5      | Reached XP level 7. HP: 46/46 MP: 2/12
  4187 | D:4      | Reached skill level 4 in Earth Magic
  4335 | D:4      | Noticed Blork the orc
  4338 | D:4      | Killed Blork the orc
  4548 | D:4      | Killed Sigmund
  4549 | D:4      | Reached skill level 5 in Earth Magic
  4690 | D:4      | Killed Dowan
  4691 | D:4      | Reached XP level 8. HP: 52/52 MP: 6/13
  5023 | D:6      | Reached * piety under Vehumet
  5023 | D:6      | Offered knowledge of Shock by Vehumet.
  5024 | D:6      | Reached skill level 5 in Spellcasting
  5199 | D:6      | Found Byqu's Assorted Antiques.
  5317 | D:6      | Bought a scroll labelled ZEXKIAROUP for 21 gold pieces
  5317 | D:6      | Bought a scroll labelled RUOXIRA ZOOQ for 21 gold pieces
  5317 | D:6      | Bought a scroll labelled PIH BODOD FOM for 21 gold pieces
  5317 | D:6      | Bought a scroll labelled PIH BODOD FOM for 21 gold pieces
  5317 | D:6      | Bought a lumpy clear potion for 18 gold pieces
  5317 | D:6      | Bought a scroll labelled MIUXUYQUTOU for 21 gold pieces
  5378 | D:6      | Identified the +1 buckler of Undesirable Species {rF++}
  5663 | D:6      | Gained mutation: You have hoof-like feet. [demonic
                  | ancestry]
  5663 | D:6      | Reached XP level 9. HP: 57/57 MP: 13/17
  6049 | D:7      | Noticed Prince Ribbit
  6053 | D:7      | Killed Prince Ribbit
  6466 | D:7      | Reached skill level 10 in Conjurations
  6473 | D:7      | Learned a level 4 spell: Fulminant Prism
  6478 | D:7      | Learned a level 4 spell: Iskenderun's Mystic Blast
  6891 | D:8      | Reached ** piety under Vehumet
  6910 | D:8      | Got the Compilation of Shapes and the Volcano
  6992 | D:8      | Offered knowledge of Sandblast by Vehumet.
  6993 | D:8      | Reached skill level 1 in Hexes
  6994 | D:8      | Reached skill level 1 in Translocations
  7330 | D:8      | Noticed a troll
  7335 | D:8      | Killed a troll
  7803 | D:8      | Noticed Erica
  7810 | D:8      | Killed Erica
  7811 | D:8      | Reached XP level 10. HP: 63/63 MP: 6/22
  7832 | D:8      | Offered knowledge of Kindle Blastsparks by Vehumet.
  8196 | D:9      | Found a staircase to the Lair.
  8363 | D:9      | Noticed a two-headed ogre
  8367 | D:9      | Killed a two-headed ogre
  8368 | D:9      | Reached skill level 5 in Translocations
  8411 | D:9      | Found a burning altar of Makhleb.
  8477 | D:9      | Found a flagged portal.
  8531 | Bailey   | Entered a bailey
  8565 | Bailey   | Reached *** piety under Vehumet
  8700 | Bailey   | Offered knowledge of Olgreb's Toxic Radiance by Vehumet.
  9090 | D:9      | Found a shimmering altar of Xom.
  9162 | D:10     | Entered Level 10 of the Dungeon
  9186 | D:10     | Noticed a two-headed ogre
  9191 | D:10     | Killed a two-headed ogre
  9237 | D:10     | Found a staircase to the Orcish Mines.
  9429 | D:10     | Gained mutation: You have hooves in place of feet. [demonic
                  | ancestry]
  9429 | D:10     | Reached XP level 11. HP: 68/68 MP: 6/24
  9753 | D:10     | Reached skill level 10 in Spellcasting
  9762 | D:10     | Reached **** piety under Vehumet
 10093 | D:11     | Noticed a two-headed ogre
 10097 | D:11     | Killed a two-headed ogre
 10196 | Lair:1   | Entered Level 1 of the Lair of Beasts
 10241 | Lair:1   | Noticed Joseph
 10246 | Lair:1   | Killed Joseph
 10246 | Lair:1   | Offered knowledge of Ignite Poison by Vehumet.
 10455 | Lair:1   | Found a frozen archway.
 10467 | IceCv    | Entered an ice cave
 10893 | IceCv    | Noticed a death yak
 10894 | IceCv    | Noticed a death yak
 10901 | IceCv    | Killed a death yak
 10901 | IceCv    | Killed a death yak
 10902 | IceCv    | Reached XP level 12. HP: 45/74 MP: 8/27
 11287 | IceCv    | Reached ***** piety under Vehumet
 11287 | IceCv    | Offered knowledge of Conjure Ball Lightning by Vehumet.
 11425 | IceCv    | Noticed an ironbound frostheart
 11429 | IceCv    | Killed an ironbound frostheart
 11480 | IceCv    | Noticed an ironbound frostheart
 11486 | IceCv    | Killed an ironbound frostheart
 12121 | Lair:1   | Found a blossoming altar of Fedhas.
 12605 | Lair:2   | Found a staircase to the Snake Pit.
 12746 | Lair:2   | Got the Guide on the Blinking Familiar
 12770 | Lair:2   | Reached XP level 13. HP: 79/79 MP: 18/30
 14076 | Lair:3   | Noticed Kirke
 14149 | Lair:3   | Noticed a sphinx
 14150 | Lair:3   | Killed Kirke
 14151 | Lair:3   | Reached skill level 15 in Conjurations
 14260 | Lair:3   | Found a staircase to the Swamp.
 14342 | Lair:3   | Noticed Gastronok
 14404 | Lair:3   | Found a dark tunnel.
 14412 | Volcano  | Entered a volcano
 14709 | Volcano  | Found a burning altar of Makhleb.
 14941 | Lair:3   | Killed Gastronok
 15014 | Lair:3   | Reached skill level 15 in Spellcasting
 15042 | Lair:3   | Gained mutation: Your magical and physical power is
                  | slightly enhanced at high health. [demonic ancestry]
 15042 | Lair:3   | Reached XP level 14. HP: 85/85 MP: 2/33
 15544 | Lair:4   | Offered knowledge of Lee's Rapid Deconstruction by Vehumet.
 15561 | Lair:4   | Identified the +3 ring mail of Cowardice {rElec rPois rC-
                  | Stlth+}
 16202 | Lair:4   | Reached skill level 6 in Earth Magic
 16263 | Lair:4   | Found a viscous altar of Jiyva.
 16263 | Lair:4   | Found a staircase to the Slime Pits.
 16585 | Lair:5   | Entered Level 5 of the Lair of Beasts
 16599 | Lair:5   | Reached skill level 7 in Earth Magic
 16683 | Lair:5   | Reached ****** piety under Vehumet
 16868 | Lair:5   | Reached skill level 8 in Earth Magic
 17075 | Lair:5   | Offered knowledge of Freezing Cloud by Vehumet.
 17081 | Lair:5   | Reached skill level 9 in Earth Magic
 17429 | Lair:5   | Reached skill level 10 in Earth Magic
 17877 | Lair:5   | Found a corrupted altar of Lugonu.
 17877 | Lair:5   | Found a one-way gate to the infinite horrors of the Abyss.
 17890 | Lair:5   | Got Ushrok's Anthology of Bad Luck and Last Rites
 17977 | Lair:5   | Reached skill level 11 in Earth Magic
 18420 | Orc:1    | Entered Level 1 of the Orcish Mines
 18420 | Orc:1    | Noticed Harold
 18427 | Orc:1    | Killed Harold
 18428 | Orc:1    | Reached XP level 15. HP: 89/90 MP: 22/34
 18429 | Orc:1    | Offered knowledge of Spellforged Servitor by Vehumet.
 18521 | D:10     | Learned a level 7 spell: Spellforged Servitor
 18910 | Orc:1    | Noticed Sonja
 18913 | Orc:1    | Killed Sonja
 19183 | Orc:2    | Entered Level 2 of the Orcish Mines
 19315 | Orc:2    | Found a staircase to the Elven Halls.
 19431 | Orc:2    | Found Atoanaw's Assorted Antiques.
 19435 | Orc:2    | Reached skill level 12 in Earth Magic
 19452 | Orc:2    | Noticed Josephine
 19467 | Orc:2    | Killed Josephine
 19542 | Orc:2    | Offered knowledge of Iskenderun's Battlesphere by Vehumet.
 19601 | Orc:2    | Reached skill level 13 in Earth Magic
 19882 | Orc:2    | Found Tuefeucw's Book Shop.
 19911 | Orc:2    | Found Ipnualei's Magic Scroll Shoppe.
 19914 | Orc:2    | Bought a scroll of teleportation for 111 gold pieces
 19914 | Orc:2    | Bought a fine silver ring for 185 gold pieces
 19914 | Orc:2    | Identified the ring of the King {rC+ rN+ Str+6 Int+2} (You
                  | bought it in a shop on level 2 of the Orcish Mines)
 19914 | Orc:2    | Bought a potion of magic for 296 gold pieces
 19938 | Orc:2    | Found Gyv Denu's Assorted Antiques.
 19941 | Orc:2    | Bought a scroll of teleportation for 33 gold pieces
 19941 | Orc:2    | Bought 2 scrolls of teleportation for 66 gold pieces
 19941 | Orc:2    | Bought a scroll of summoning for 104 gold pieces
 19941 | Orc:2    | Bought a scroll of fog for 44 gold pieces
 19941 | Orc:2    | Bought a scroll of identify for 22 gold pieces
 19950 | Orc:2    | Bought a scroll of identify for 54 gold pieces
 19950 | Orc:2    | Bought a potion of heal wounds for 135 gold pieces
 19950 | Orc:2    | Bought an ichor-stained leather armour for 189 gold pieces
 19950 | Orc:2    | Identified the +0 leather armour "Hukut" {Dex+3} (You
                  | bought it in a shop on level 2 of the Orcish Mines)
 19950 | Orc:2    | Bought a potion of curing for 81 gold pieces
 21163 | D:12     | Noticed Jorgrun
 21178 | D:12     | Killed Jorgrun
 21191 | D:12     | Noticed Azrael
 21195 | D:12     | Reached skill level 14 in Earth Magic
 21200 | D:12     | Killed Azrael
 21283 | D:12     | Found a portal to a secret trove of treasure.
 21334 | D:12     | Found a gate leading to a gauntlet.
 21342 | Gauntlet | Entered a Gauntlet
 21342 | Gauntlet | Found a transporter.
 21342 | Gauntlet | Found a transporter.
 21359 | Gauntlet | Found a transporter.
 21362 | Gauntlet | Found a transporter.
 21366 | Gauntlet | Found a runed translucent door.
 21368 | Gauntlet | Found a runed translucent door.
 21370 | Gauntlet | Found a transporter.
 21373 | Gauntlet | Found a transporter.
 21390 | Gauntlet | Found a transporter.
 21399 | Gauntlet | Found a transporter.
 21417 | Gauntlet | Found a transporter.
 21420 | Gauntlet | Found a transporter.
 21430 | Gauntlet | Found a transporter.
 21433 | Gauntlet | Found a transporter.
 21594 | Gauntlet | Identified the +1 cloak of Lezxaote {rElec Regen+}
 21838 | D:12     | Offered knowledge of Fireball by Vehumet.
 21960 | D:12     | Noticed Frances
 21980 | D:12     | Killed Frances
 21993 | D:12     | Reached skill level 15 in Earth Magic
 22408 | D:13     | Noticed Maurice
 22412 | D:13     | Killed Maurice
 22703 | D:13     | Gained mutation: When low on magic, you restore magic in
                  | place of health. [demonic ancestry]
 22703 | D:13     | Reached XP level 16. HP: 67/96 MP: 14/35
 23389 | D:14     | Found a gate to the Vaults.
 23500 | D:14     | Reached skill level 16 in Earth Magic
 24177 | D:15     | Entered Level 15 of the Dungeon
 24385 | D:15     | Found a staircase to the Depths.
 24466 | D:15     | Reached skill level 17 in Earth Magic
 24740 | D:15     | Found a runed translucent gate.
 24741 | D:15     | Found a runed translucent gate.
 24742 | D:15     | Found a runed translucent gate.
 25212 | Snake:1  | Entered Level 1 of the Snake Pit
 25233 | Snake:1  | Learned a level 8 spell: Lehudib's Crystal Spear
 25486 | Snake:1  | Found a radiant altar of Vehumet.
 25699 | Snake:1  | Found Elathit's Magic Scroll Shoppe.
 25709 | Snake:1  | Bought a scroll of teleportation for 48 gold pieces
 25709 | Snake:1  | Bought a scroll of fear for 64 gold pieces
 25709 | Snake:1  | Bought a scroll of teleportation for 48 gold pieces
 25709 | Snake:1  | Bought a scroll of enchant armour for 120 gold pieces
 27101 | Snake:3  | Offered knowledge of Iron Shot by Vehumet.
 27111 | Snake:2  | Learned a level 6 spell: Iron Shot
 27209 | Snake:3  | Found Guavic's Antique Weapon Emporium.
 27210 | Snake:3  | Found Toju's Armour Shoppe.
 27210 | Snake:3  | Found Muveonil's Book Emporium.
 27239 | Snake:3  | Found Noimug's Jewellery Shoppe.
 27469 | Snake:3  | Gained mutation: You are completely covered in icy blue
                  | scales. (AC +4, rC+) [demonic ancestry]
 27469 | Snake:3  | Reached XP level 17. HP: 87/101 MP: 26/37
 27554 | Snake:3  | Noticed Aizul
 27557 | Snake:3  | Killed Aizul
 27900 | Snake:4  | Entered Level 4 of the Snake Pit
 29248 | Snake:4  | Got a serpentine rune of Zot
 29713 | Vaults:1 | Entered Level 1 of the Vaults
 29753 | Vaults:1 | Reached skill level 1 in Fighting
 29753 | Vaults:1 | Reached skill level 1 in Armour
 29957 | Vaults:1 | Identified the +4 arbalest of Fitoasuh {heavy, rPois}
 30113 | Vaults:1 | Found Erav's Distillery.
 30258 | Vaults:1 | Gained mutation: You may rarely emit foul miasma when
                  | damaged in melee. [demonic ancestry]
 30258 | Vaults:1 | Reached XP level 18. HP: 86/118 MP: 5/39
 30344 | Vaults:1 | Offered knowledge of Shatter by Vehumet.
 30344 | Vaults:1 | Offered knowledge of Chain Lightning by Vehumet.
 30344 | Vaults:1 | Offered knowledge of Polar Vortex by Vehumet.
 30496 | Vaults:1 | Learned a level 9 spell: Shatter
 30499 | Vaults:1 | Found Giorchuh's Distillery.
 30589 | Vaults:1 | Reached skill level 5 in Fighting
 30590 | Vaults:1 | Reached skill level 5 in Dodging
 31144 | Vaults:2 | Reached skill level 18 in Earth Magic
 31224 | Vaults:2 | Found Konacawuu's General Store.
 31625 | Vaults:2 | Identified the +3 battleaxe of Checkmate {holy, Will+ Int+3
                  | Dex+2}
 31745 | Vaults:2 | Noticed Xtahua
 31748 | Vaults:2 | Killed Xtahua
 31749 | Vaults:2 | Reached skill level 19 in Earth Magic
 32057 | Vaults:2 | Mangled by a vault warden

Illustrated notes

Levels and vault maps discovered:
D:1:      saegor_arrival_miasma, layout_basic, minmay_indecisive_spiral
D:2:      layout_loops_cross, basic_altar, minmay_rat_hole
D:3:      layout_rooms, dreamdust_ecumenical_altar_angels_and_demons
D:4:      layout_cave_pools, grunt_ministairs_14, uniq_duvessa, uniq_sigmund,
          uniq_blork_the_orc
D:5:      layout_basic, minmay_temple_entry_purple_smoke, serial_shops,
          nicolae_shop_waterfront, chequers_serial_rivers_small_b,
          eino_tiny_chamber, uniq_edmund
D:6:      cheibrodos_steamvent, layout_cave_pods, serial_shops, shop
D:7:      layout_loops_ring, uniq_prince_ribbit1
D:8:      layout_gridville, uniq_erica
D:9:      layout_big_octagon, overflow_temple_1_default, demons_altar,
          lair_entry_dummy, enter_bailey_8
D:10:     layout_roguey, orc_0_dummy, minivault_1, hangedman_tell_no_tales
D:11:     layout_gridville
D:12:     layout_rooms, gauntlet_entry_generic, nicolae_trove_entry_crossroad,
          uniq_frances, uniq_azrael, uniq_jorgrun
D:13:     layout_basic, uniq_maurice
D:14:     minmay_firetagon, layout_long_grid, erik_vaults_2, wad_floor_pattern_1
D:15:     gammafunk_depths_entry_grave, layout_long_grid,
          ploomutoo_gammafunk_ghost_potion_laboratory
Temple:   mainiacjoe_temple_cubbyholes
Lair:1:   layout_long_grid, portal_ice_cave_entry_ice_simulacra, st_stairs_8,
          hangedman_tree_tricks, grunt_megastairs_3, uniq_joseph
Lair:2:   layout_regular_city, minmay_snake_entry_six_corridors
Lair:3:   layout_chaotic_city, minmay_swamp_entry_worms,
          nicolae_volcano_entry_s_turn, uniq_gastronok, uniq_kirke
Lair:4:   layout_gridlike, minmay_slime_entry_pillars
Lair:5:   hellmonk_lair_end_abyssal_woods, layout_gridlike
Snake:1:  layout_chambers, basic_altar, serial_shops, nicolae_lakefront_shop
Snake:2:  layout_rooms
Snake:3:  layout_misc_corridors, st_stairs_11, minmay_shoptagon, uniq_aizul
Snake:4:  grunt_snake_rune_pools, layout_chambers
Orc:1:    layout_caves, basic_altar, abandoned_shop,
          nicolae_orc_flooded_monolith, uniq_harold, uniq_sonja
Orc:2:    st_orc_open, layout_diamond_mine, uniq_josephine
Vaults:1: nicolae_vaults_little_squares_1, vaults_room_grunt_arrival_checkpoint,
          v_misc_24, vaults_room_octagon, v_alt_pattern_5, v_misc_14,
          ontoclasm_vaults_spin, vaults_mumra_chevron, vaults_room_fours,
          nicolae_vaults_border_crossing, nicolae_vaults_yaktaur_gun_rack,
          layout_vaults_big_room, serial_shops, nicolae_lakefront_shop, shop
Vaults:2: vaults_mumra_minichess_inversion, dpeg_vaults_monster_box,
          ontoclasm_vaults_bender, hangedman_vaults_impose,
          nicolae_vaults_little_squares_5, nicolae_vaults_ring_of_whatevers,
          vaults_mumra_hex, layout_vaults_omnigrid, serial_shops, shop,
          uniq_xtahua

Skill      XL: |  1  2  3  4  5  6  7  8  9 10 11 12 13 14 15 16 17 18 |
---------------+-------------------------------------------------------+-----
Spellcasting   | 3 5 8 9 11 13 15 16 17 | 17.1
Conjurations   | 5 6 7 9 10 12 14 15 16 18 | 18.1
Earth Magic    | 1 2 3 5 11 15 17 19 | 19.3
Hexes          | 4 |  4.0
Translocations | 3 6 |  6.8
Dodging        | 4 5 |  5.0
Fighting       | 4 5 |  5.0
Armour         | 3 4 |  4.2
Stealth        | |  1.7

Action                     |  1- 3 |  4- 6 |  7- 9 | 10-12 | 13-15 | 16-18 || total
---------------------------+-------+-------+-------+-------+-------+-------++-------
  Melee: Unarmed           |    11 |       |       |       |       |       ||    11
         Falchion          |       |     1 |       |       |       |       ||     1
         Staff             |       |    27 |     5 |    67 |    41 |     2 ||   142
         Kick              |       |     4 |     2 |    16 |    16 |     1 ||    39
         Punch             |       |       |       |       |     2 |       ||     2
  Throw: Throwing net      |       |       |       |       |     3 |     4 ||     7
   Cast: Magic Dart        |    77 |    58 |       |    11 |       |       ||   146
         Stone Arrow       |       |    25 |   138 |   290 |   651 |   154 ||  1258
         Iskenderun's Myst |       |       |     2 |    24 |   104 |   150 ||   280
         Fulminant Prism   |       |       |       |     6 |    29 |    10 ||    45
         Lehudib's Crystal |       |       |       |       |       |   212 ||   212
  Evoke: Tin of tremorston |       |       |       |     2 |     3 |       ||     5
         Wand              |       |       |       |     6 |    12 |       ||    18
         Phantom mirror    |       |       |       |     1 |     2 |       ||     3
    Use: Potion            |       |     2 |     1 |     2 |     6 |     1 ||    12
         Scroll            |       |     1 |     9 |     8 |    14 |     2 ||    34
   Stab: Sleeping          |       |     1 |       |       |     1 |       ||     2
 Armour: Leather armour    |       |    31 |    13 |   114 |   175 |    56 ||   389
         Robe              |       |     1 |       |       |       |       ||     1
  Dodge: Dodged            |    10 |    31 |    21 |   119 |   148 |    64 ||   393

Table legend: (Time is in decaauts)
 A = Elapsed time spent in this place.
 B = Non-inter-level travel time spent in this place.
 C = Inter-level travel time spent in this place.
 D = Time resting spent in this place.
 E = Time spent auto-exploring this place.
 F = Levels seen in this place.
 G = Mean time per level.
                   A        B        C        D        E       F      G
               +--------+--------+--------+--------+--------+-----+--------+
         Total |  32141 |  30473 |   1668 |    603 |  24766 |  33 |  974.0 |
       Dungeon |  14136 |  13071 |   1065 |    320 |  10873 |  15 |  942.4 |
        Temple |    283 |    241 |     42 |      0 |    240 |   1 |  283.0 |
          Lair |   6548 |   6203 |    345 |     89 |   4956 |   5 | 1309.6 |
     Snake Pit |   4298 |   4183 |    115 |    136 |   3525 |   4 | 1074.5 |
  Orcish Mines |   1923 |   1852 |     71 |     55 |   1426 |   2 |  961.5 |
        Vaults |   2343 |   2314 |     29 |      0 |   1993 |   2 | 1171.5 |
        Bailey |    498 |    498 |      0 |      0 |    283 |   1 |  498.0 |
      Ice Cave |   1192 |   1192 |      0 |      0 |    895 |   1 | 1192.0 |
       Volcano |    502 |    502 |      0 |      0 |    394 |   1 |  502.0 |
      Gauntlet |    414 |    414 |      0 |      3 |    180 |   1 |  414.0 |
               +--------+--------+--------+--------+--------+-----+--------+

Top non-repeatable levels by time:
  Lair:5: 1643 daAuts
 Snake:4: 1578 daAuts
  Lair:2: 1385 daAuts
     D:8: 1297 daAuts
  Lair:1: 1228 daAuts
Vaults:1: 1217 daAuts
   IceCv: 1192 daAuts
   Orc:2: 1156 daAuts
  Lair:4: 1154 daAuts
  Lair:3: 1136 daAuts
Vaults:2: 1126 daAuts
     D:5: 1107 daAuts
     D:6: 1070 daAuts
 Snake:1: 1064 daAuts
    D:13: 1002 daAuts
